 Dungeon Crawl Stone Soup version 0.29-a0-350-g7790a0e70a (webtiles) character file.

Game seed: 4498720873667172489

30 zeratav the Skirmisher (level 3, -7/34 HPs)
             Began as a Naga Fighter on Apr 22, 2022.
             Mangled by a gnoll
             ... wielding a +0 flail
              (10 damage)
             ... on level 2 of the Dungeon.
             The game lasted 00:02:03 (1991 turns).

zeratav the Skirmisher (Naga Fighter)               Turns: 1991, Time: 00:02:04

Health: -7/34      AC:  4    Str: 20    XL:     3   Next: 18%
Magic:  3/3        EV:  7    Int:  8    God:
Gold:   82         SH:  4    Dex: 10    Spells: 2/2 levels left

rFire   . . .      SeeInvis +     - Unarmed
rCold   . . .      Faith    .   b - +0 buckler
rNeg    . . .      Spirit   .   a - +0 scale mail
rPois   +          Reflect  .   (no helmet)
rElec   .          Harm     .   (no cloak)
rCorr   .          Rampage  .   (no gloves)
Will    .....                   (no barding)
Stlth   ..........              (no amulet)
HPRegen 0.11/turn               (no ring)
MPRegen 0.08/turn               (no ring)

@: very slow
A: AC +1, large, see invisible, deformed body, poison resistance, slowness 2,
spit poison 1, naga tail 1
a: Spit Poison


You were on level 2 of the Dungeon.
You visited 1 branch of the dungeon, and saw 2 of its levels.

You collected 82 gold pieces.


Innate Abilities, Weirdness & Mutations

Your serpentine skin is tough. (AC +1)
You have supernaturally acute eyesight. (SInv)
Armour fits poorly on your strangely shaped body.
Your system is resistant to poisons. (rPois)
You cover ground very slowly.
You can spit poison.
You have a snake-like lower body.


   Skills:
 + Level 3.2 Fighting
 + Level 2.6 Armour
 + Level 2.6 Shields
 * Level 2.7 Unarmed Combat


You had 2 spell levels left.
You didn't know any spells.
Your spell library contained the following spells:

 Spells                   Type           Power      Damage    Failure   Level
 Shock                    Conj/Air       0%         1d3       83%         1
 Swiftness                Air            0%         N/A       99%         3
 Airstrike                Air            0%         N/A       100%        4

Inventory:

Hand Weapons
 e - a +0 dagger {short}
   (You found it on level 1 of the Dungeon)
 g - a +0 hunting sling {sling}
   (You found it on level 1 of the Dungeon)
 i - a +0 club {mace}
   (You took it off a goblin on level 1 of the Dungeon)
 l - a +0 dagger {short}
   (You took it off a goblin on level 1 of the Dungeon)
 n - a +0 club {mace}
   (You took it off a kobold on level 1 of the Dungeon)
 o - a +0 club {mace}
   (You took it off a goblin on level 1 of the Dungeon)
 p - a +0 dagger {short}
   (You took it off a goblin on level 1 of the Dungeon)
 y - a +0 halberd {polearm}
   (You took it off a gnoll on level 2 of the Dungeon)
Armour
 a - a +0 scale mail (worn)
 b - a +0 buckler (worn)
 m - a +0 leather armour
   (You found it on level 1 of the Dungeon)
 t - a +0 robe
   (You found it on level 2 of the Dungeon)
 v - a +0 leather armour
   (You found it on level 2 of the Dungeon)
Wands
 r - a wand of flame (15)
   (You found it on level 2 of the Dungeon)
Scrolls
 d - a scroll of enchant weapon
 f - a scroll of brand weapon {unknown}
 q - a scroll of identify {@r1}
 u - a scroll of summoning {unknown}
 x - a scroll of immolation {unknown}
Potions
 c - a potion of might
 h - a potion of resistance {unknown}
 j - a potion of lignification {unknown}
 k - 2 potions of curing {unknown}
 s - a potion of cancellation {unknown}
 w - a potion of haste {unknown}

Dungeon Overview and Level Annotations

Branches:
Dungeon (2/15)

Altars:

#....# #.....#
#. ###....#
#.....# #.
#####......#
#.....#####.
#...#.######
####.#......
#...#.#
#......#####
#...#.# #.####.#
. #...#.# # #..
#
#...#.##########
### #
#.........@gg5.#
#
##.....#######.#
. #.....# #.# #
####### .g. #.##
#.. ###


You could see 2 gnolls and an ufetubus.


Message History

The ball python barely misses you.
You hit the ball python but do no damage.
The ball python bites you but does no damage.
You hit the ball python but do no damage.
The ball python completely misses you.
You hit the ball python but do no damage.
The ball python bites you but does no damage.
HP[+1]
You hit the ball python. The ball python closely misses you.
You closely miss the ball python. The ball python bites you.
HP[-1]
You take 1 damage, and now have 26/28 hp.
You completely miss the ball python.
The ball python bites you but does no damage.
The ball python bites you.
HP[-3]
You take 3 damage, and now have 23/28 hp.
You hit the ball python.
You kill the ball python!
No target in view!
No target in view!
No target in view!
No target in view!
No target in view!
No target in view!
A gnoll comes into view. It is wielding a +0 halberd.
HP[+5]
Your hp is fully restored (28).
The gnoll barely misses you. The gnoll hits you with a +0 halberd.
You block the gnoll's attack.
HP[-4]
You take 4 damage, and now have 24/28 hp.
You hit the gnoll but do no damage. The gnoll hits you with a +0 halberd!
HP[-7]
You take 7 damage, and now have 17/28 hp.
MASSIVE DAMAGE!! (PAUSE)
You hit the gnoll. The gnoll hits you with a +0 halberd.
* * * LOW HITPOINT WARNING * * *
HP[-5]
You take 5 damage, and now have 12/28 hp.
You hit the gnoll. The gnoll hits you with a +0 halberd.
* * * LOW HITPOINT WARNING * * *
HP[-3]
You take 3 damage, and now have 9/28 hp.
You barely miss the gnoll. The gnoll closely misses you.
You closely miss the gnoll. The gnoll barely misses you.
You hit the gnoll. The gnoll hits you but does no damage.
You hit the gnoll. You block the gnoll's attack.
You closely miss the gnoll. You block the gnoll's attack.
You barely miss the gnoll. The gnoll hits you with a +0 halberd!
* * * LOW HITPOINT WARNING * * *
HP[-6]
You take 6 damage, and now have 3/28 hp.
MASSIVE DAMAGE!! (PAUSE)
You barely miss the gnoll. The gnoll barely misses you.
You completely miss the gnoll. The gnoll barely misses you.
You hit the gnoll. You block the gnoll's attack.
You hit the gnoll.
You kill the gnoll!
You have reached level 3!
Your experience leads to an increase in your attributes!
Increase (S)trength, (I)ntelligence, or (D)exterity?
You feel stronger. x2; Your skin feels tougher.
HP[+1] MP[+1]
You now have 34 max hp (+6).
Your mp is fully restored (3).
y - a +0 halberd {polearm} You see here a gnoll corpse.
You start resting.
HP[+30]
Your hp is fully restored (34).
You start waiting.
Done waiting.
You see here a gnoll skeleton. 2 gnolls come into view.
A gnoll is wielding a +2 halberd of venom.
The gnoll shouts!
You hear a shout! x2
An ufetubus comes into view.
The gnoll moves out of view.
A gnoll comes into view. It is wielding a +0 halberd.
The gnoll hits you with a +0 flail!
The gnoll hits you from afar with a +2 halberd of venom.
* * * LOW HITPOINT WARNING * * *
HP[-17]
You take 17 damage, and now have 17/34 hp.
MASSIVE DAMAGE!! (PAUSE)
The gnoll hits you with a +0 flail.
* * * LOW HITPOINT WARNING * * *
The gnoll hits you from afar with a +2 halberd of venom!
* * * LOW HITPOINT WARNING * * *
HP[-15]
You take 15 damage, and now have 2/34 hp.
MASSIVE DAMAGE!! (PAUSE)
The gnoll closely misses you. The gnoll hits you but does no damage.
HP[+1]
You see here a gnoll skeleton.
As you read the scroll labelled JUMMAPT XEAHI, it crumbles to dust.
It is a scroll of identify.
d - a scroll of enchant weapon The gnoll hits you with a +0 flail!
You die...

Action                   || total
-------------------------++-------
Melee: Unarmed           ||   101
  Use: Scroll            ||     1
Armor: Scale mail        ||    47
Dodge: Dodged            ||    40
Block: Buckler           ||    22

Levels and vault maps discovered:
D:1:      wander_arrival_desolate, layout_loops_corners, serial_aquarium,
          aquarium_bridge_long_separate [aquarium_subvault_wall,
          aquarium_subvault_bridge, aquarium_subvault_bridge,
          aquarium_subvault_wall, aquarium_subvault_bridge,
          aquarium_subvault_wall], aquarium_window_1, aquarium_window_3,
          aquarium_window_1, aquarium_view_2c, aquarium_balcony_3b,
          dilly_ecumenical_altar_fadedgnrine
D:2:      layout_basic, minmay_misc_feat_secret_circle

Notes
Turn   | Place    | Note
-------+----------+-------------------------------------------
     0 | D:1      | zeratav the Naga Fighter began the quest for the Orb.
     0 | D:1      | Reached XP level 1. HP: 21/21 MP: 1/1
     0 | D:1      | magus.rc [v1.9.6]
   300 | D:1      | Reached XP level 2. HP: 27/28 MP: 2/2
  1288 | D:1      | Found a faded altar of an unknown god.
  1454 | D:2      | You pick up a book of Air and begin reading...
  1454 | D:2      | You add the spells Shock, Swiftness and Airstrike to your
                  | library.
  1606 | D:2      | HP: 3/28 [gnoll/+0 halberd (7)]
  1611 | D:2      | Reached XP level 3. HP: 4/34 MP: 3/3
  1987 | D:2      | HP: 2/34 [gnoll/+2 halberd of venom (10)]
  1991 | D:2      | Mangled by a gnoll

Vanquished Creatures
  A gnoll (D:2)
  3 bats (D:1)
  An endoplasm (D:1)
  A giant cockroach (D:1)
  4 goblins (D:1)
  3 hobgoblins (D:1)
  A kobold (D:1)
  A quokka (D:1)
  2 ball pythons
  A frilled lizard (D:1)
  A rat (D:1)
19 creatures vanquished.

Table legend:
 A = Non-vault XP
 B = Vault XP
 C = Vault XP percentage of total XP
 D = Non-vault monster count
 E = Vault monster count
 F = Vault count percentage of total count
                 A         B        C        D         E       F
            +---------+---------+-------+---------+---------+-------
      Total |      43 |       0 |   0.0 |      19 |       0 |   0.0
            +---------+---------+-------+---------+---------+-------
        D:1 |      28 |       0 |   0.0 |      17 |       0 |   0.0
        D:2 |      15 |       0 |   0.0 |       2 |       0 |   0.0
            +---------+---------+-------+---------+---------+-------

Illustrated notes

Table legend:
 A = Kills in this place as a percentage of kills in entire the game.
 B = Kills by you in this place as a percentage of kills by you in the entire game.
 C = Kills by friends in this place as a percentage of kills by friends in the entire game.
 D = Other kills in this place as a percentage of other kills in the entire game.
 E = Experience gained in this place as a percentage of experience gained in the entire game.
 F = Experience gained in this place divided by the number of levels of this place that you have seen.
                   A       B       C       D       E      F
               +-------+-------+-------+-------+-------+----------------------
         Total | 100.0 | 100.0 |   N/A |   N/A | 100.0 |  21.5
       Dungeon | 100.0 | 100.0 |   N/A |   N/A | 100.0 |  21.5
               +-------+-------+-------+-------+-------+----------------------

Table legend: (Time is in decaauts)
 A = Elapsed time spent in this place.
 B = Non-inter-level travel time spent in this place.
 C = Inter-level travel time spent in this place.
 D = Time resting spent in this place.
 E = Time spent auto-exploring this place.
 F = Levels seen in this place.
 G = Mean time per level.
                   A        B        C        D        E       F      G
               +--------+--------+--------+--------+--------+-----+--------+
         Total |   2352 |   2316 |     36 |    369 |   1745 |   2 | 1176.0 |
       Dungeon |   2352 |   2316 |     36 |    369 |   1745 |   2 | 1176.0 |
               +--------+--------+--------+--------+--------+-----+--------+

Top non-repeatable levels by time:
     D:1: 1665 daAuts
     D:2: 686 daAuts
